 Dungeon Sprint DCSS version 0.16-a0-3939-g9a3e665 (webtiles) character file.

68363 BluebellGnoll the Talismancer (level 14, -4/166 HPs)
             Began as a Deep Dwarf Artificer on Feb 5, 2015.
             Was the Champion of Makhleb.
             Killed by nerve-wracking pain
             ... invoked by Mara (illusionary)
              (16 damage)
             ... in the Dungeon (Sprint IX: "|||||||||||||||||||||||||||||") on Feb 6, 2015.
             The game lasted 00:43:36 (2295 turns).

BluebellGnoll the Talismancer (DDAr)                Turns: 2295, Time: 00:43:37

Health: -4/166     AC: 40    Str: 21      XL:     14   Next: 86%
Magic:  22/22      EV:  4    Int: 13 (14) God:    Makhleb [******]
Gold:   397        SH: 15    Dex: 20      Spells: 0 memorised, 13 levels left

rFire  + . .     SeeInvis +     r - +14 obsidian axe {chop, +Fly Str+3 SInv Curse} (curse)
rCold  . . .     Clarity  .     y - +27 Lear's hauberk
rNeg   + . .     SustAb   .     u - +3 large shield
rPois  .         Gourm    .     (no helmet)
rElec  .         Spirit   .     t - +0 cloak
rCorr  .         Warding  .     (no gloves)
rMut   .         NoTele   +     (no boots)
MR     ++...                    (no amulet)
Stlth  ..........               F - ring of protection from fire
                                T - +6 ring of dexterity

@: mesmerised, very slightly contaminated, non-regenerating, very resistant to
hostile enchantments, extremely unstealthy
A: damage resistance, recharge devices, negative energy resistance 1, sense
surroundings 2, slow healing 3
a: Device Recharging, Minor Destruction, Lesser Servant of Makhleb, Major
Destruction, Greater Servant of Makhleb, Renounce Religion, Evoke Flight


You were in the Dungeon.
You worshipped Makhleb.
Makhleb was exalted by your worship.
You were hungry.

You visited 1 branch You collected 1903 gold pieces.
You spent 1506 gold pieces at shops.

Inventory:

Hand weapons
 r - the cursed +14 obsidian axe (weapon) {chop, +Fly Str+3 SInv Curse}
   (You found it in the Dungeon)

   It inflicts extra damage upon your enemies.
   It affects your strength (+3).
   It enhances your eyesight.
   It lets you fly.
   It may recurse itself when equipped.
   It has a curse placed upon it.
Armour
 s - a +0 pair of boots
 t - a +0 cloak (worn)
 u - a +3 large shield (worn)
 y - the +27 Lear's hauberk (worn)
   (You found it in the Dungeon)
 Q - a +1 helmet
 S - a +1 pair of gloves
 X - a +2 gold dragon armour
Jewellery
 v - a +3 ring of strength
 w - a +2 ring of protection
 F - a ring of protection from fire (right hand)
 G - an uncursed ring of see invisible
 N - an uncursed ring of protection from cold
 O - an uncursed ring of protection from cold
 T - a +6 ring of dexterity (left hand)
 V - an uncursed ring of invisibility
 W - an uncursed ring of see invisible
Magical devices
 b - a wand of flame (8)
 c - a wand of enslavement (14)
 d - a wand of random effects (5)
 f - a wand of heal wounds (3)
 q - a wand of draining (6)
 A - a wand of slowing (2)
 J - a wand of fire (5)
 K - a wand of confusion (22)
 L - a wand of paralysis (17)
Scrolls
 m - 4 scrolls of blinking
 n - 3 scrolls of recharging
 o - 6 scrolls of remove curse
 p - 2 scrolls of amnesia
 x - 6 scrolls of fear
 z - 4 scrolls of enchant weapon
 B - a scroll of immolation
 H - 5 scrolls of identify
 U - 2 scrolls of fog
Potions
 a - a potion of restore abilities
 e - a potion of brilliance
 h - 5 potions of curing
 i - 7 potions of heal wounds
 j - a potion of invisibility
 k - 4 potions of magic
 P - a potion of haste
 R - 2 potions of cure mutation
Miscellaneous
 I - a fan of gales (inert)
Comestibles
 g - 13 bread rations
 C - 37 fruits
 D - 12 meat rations


   Skills:
 - Level 21.8 Fighting
   Level 0.8 Short Blades
 - Level 23.5 Axes
 + Level 10.6 Armour
 - Level 2.1 Dodging
 - Level 1.2 Stealth
 - Level 13.3 Invocations
 O Level 27 Evocations


You had 13 spell levels left.
You didn't know any spells.

Dungeon Overview and Level Annotations

Branches:
Dungeon (1/1)

Altars:
Cheibriados
Dithmenos
Elyvilon
Fedhas
Gozag
Kikubaaqudgha
Makhleb
Nemelex Xobeh
Okawaru
Qazlal
Ru
Sif Muna
Trog
Vehumet
Xom
Yredelemnul
Zin
The Shining One
Beogh
Jiyva
Lugonu

Shops:
D (?}*

Annotations:
D Mara, Maurice


Innate Abilities, Weirdness & Mutations

You are resistant to damage.
You can recharge devices by infusing magical energy.
You resist negative energy.
You passively map the area around you.
You do not heal naturally.


Message History

BluebellGnoll's illusion completely misses your air elemental.
Mara gestures at you.
The bolt of fire hits BluebellGnoll's illusion.
BluebellGnoll's illusion resists.
The bolt of fire hits your air elemental. x2
Your air elemental is destroyed!
Mara hits you but does no damage.
You are electrocuted!
* * * LOW HITPOINT WARNING * * *
Your air elemental hits BluebellGnoll's illusion but does no damage.
Unknown command.
You slash Mara!
Mara is almost dead.
Your air elemental hits BluebellGnoll's illusion but does no damage.
BluebellGnoll's illusion hits your air elemental!!
Your air elemental is destroyed!
Your shield and Lear's hauberk prevent you from hitting Mara.
Mara is almost dead.
Mara gestures at you. Pain shoots through your body!
You die...

▓▓▓▓▓▓▓▓▓▓▓▓▓▓▓▓▓▓***************
.▓...▓...▓.).▓..R▓,,,*,,,*,,,*,,,
.▓.▓.▓.▓.▓.▓.▓.▓@▓,*,*,*,*,*,*,*,
.▓.▓.▓.▓.▓.▓[▓.▓)▓,*,*,*,*,*,*,*,
.▓4▓.▓3▓.▓.▓.▓.▓.▓,*,*+*,*,*,*,*,
.▓.▓.▓4▓.▓.▓.▓.▓@▓+*,*,*,*,*,*+*,
.▓.▓.▓.▓.▓.▓.▓.▓.▓,*,*,*,*,*,*,*,
.▓.▓.▓.▓.▓.▓.▓.▓R▓,*,*,*,*+*,*,*,
.▓.▓.▓.▓.▓.▓.▓.▓.▓,*,*,*,*,*,*,*,
.▓.▓.▓.▓.▓.▓.▓.▓(▓,*,*,*,*,*,*,*,
.▓'▓.▓.▓.▓'▓.▓.▓.▓,*,*,*,*,*,*,*,


You could see 2 Maras and BluebellGnoll's illusion.

Vanquished Creatures
  Mara (D)
  A greater mummy (D)
  Mennas (D)
  Nikola (D)
  5 player illusions (D)
  2 frost giants (D)
  A fire giant (D)
  Louise (D)
  2 vault wardens (D)
  A very ugly thing (D)
  An ironheart preserver (D)
  3 stone giants (D)
  2 merfolk impalers (D)
  A fire dragon (D)
  3 ettins (D)
  2 hydras (D)
  A yaktaur captain (D)
  3 ice dragons (D)
  4 ogre magi (D)
  A rakshasa (D)
  3 centaur warriors (D)
  An alligator (D)
  A deep troll earth mage (D)
  An anaconda (D)
  A death yak (D)
  Urug (D)
  A deep troll shaman (D)
  A soul eater (D)
  2 deep elf knights (D)
  A salamander mystic (D)
  A swamp dragon (D)
  A sea snake (D)
  3 orc knights (D)
  A necromancer (D)
  2 ironbrand convokers (D)
  A hornet (D)
  A wolf spider (D)
  A mana viper (D)
  3 griffons (D)
  A hornet (shapeshifter) (D)
  A water nymph (D)
  5 vault sentinels (D)
  A siren (D)
  Joseph (D)
  5 black mambas (D)
  3 spiny frogs (D)
  A centaur zombie (D)
  A kobold demonologist (D)
  3 yaktaurs (D)
  A komodo dragon (D)
  3 merfolk (D)
  2 freezing wraiths (D)
  4 two-headed ogres (D)
  4 trolls (D)
  A blink frog (shapeshifter) (D)
  A giant leech (D)
  A bog body (D)
  2 redbacks (D)
  4 trapdoor spiders (D)
  A basilisk (D)
  A deep elf mage (D)
  A wraith (D)
  2 tarantellas (D)
  A ynoxinul (D)
  A spriggan (D)
  A steam dragon (D)
  2 wyverns (D)
  2 nagas (D)
  An insubstantial wisp (D)
  2 water moccasins (D)
  4 porcupines (D)
  2 phantoms (D)
  7 orc warriors (D)
  An ice beast (D)
  5 ogres (D)
  A wasp (D)
  3 crocodiles (D)
  A centaur (D)
  2 giant frogs (D)
  A big kobold (D)
  6 brain worms (D)
  2 orc priests (D)
  2 hounds (D)
  An iguana (D)
  4 orc wizards (D)
  A worker ant (D)
  2 adders (D)
  A shadow imp (D)
  2 worms (D)
  7 orcs (D)
  A ball python (D)
  2 bats (D)
  2 goblins (D)
  A jackal (D)
  A rat (D)
  A plant (D)
187 creatures vanquished.

Vanquished Creatures (collateral kills)
  Mara (D)
  Xtahua (D)
  A lich (D)
  An ogre mage (D)
  An orc knight (D)
  A jumping spider (D)
  An orc warrior (D)
  A troll zombie (D)
  An orc (D)
9 creatures vanquished.

Vanquished Creatures (others)
  A cacodemon (D)
  A blizzard demon (D)
  4 sun demons (D)
  A soul eater (D)
  3 air elementals (D)
  2 ice devils (D)
  A sixfirhy (D)
  2 orange demons (D)
  3 smoke demons (D)
  A red devil (D)
  An orc warrior (D)
  A ynoxinul (D)
  A neqoxec (D)
  A quasit (D)
  An ufetubus (D)
24 creatures vanquished.

Grand Total: 220 creatures vanquished

Notes
Turn   | Place    | Note
--------------------------------------------------------------
     0 | D        | BluebellGnoll, the Deep Dwarf Artificer, began the quest for the Orb.
     0 | D        | Reached XP level 1. HP: 16/16 MP: 1/1
     9 | D        | Reached skill level 5 in Evocations
    11 | D        | Reached skill level 6 in Evocations
    21 | D        | Noticed a worker ant
    21 | D        | Noticed a hound
    24 | D        | Reached skill level 8 in Evocations
    24 | D        | Reached XP level 2. HP: 24/24 MP: 2/4
    24 | D        | Killed a hound
    24 | D        | Reached skill level 10 in Evocations
    24 | D        | Reached XP level 3. HP: 30/30 MP: 3/8
    28 | D        | Killed a worker ant
    28 | D        | Reached skill level 11 in Evocations
    28 | D        | Reached XP level 4. HP: 37/37 MP: 5/11
    36 | D        | Found a glowing silver altar of Zin.
    36 | D        | Found a glowing golden altar of the Shining One.
    36 | D        | Found an ancient bone altar of Kikubaaqudgha.
    36 | D        | Found a basalt altar of Yredelemnul.
    36 | D        | Found a shimmering altar of Xom.
    36 | D        | Found a radiant altar of Vehumet.
    36 | D        | Found an iron altar of Okawaru.
    37 | D        | Found a burning altar of Makhleb.
    38 | D        | Found a deep blue altar of Sif Muna.
    39 | D        | Found a bloodstained altar of Trog.
    40 | D        | Found a sparkling altar of Nemelex Xobeh.
    41 | D        | Found a white marble altar of Elyvilon.
    42 | D        | Found a roughly hewn altar of Beogh.
    43 | D        | Found a viscous altar of Jiyva.
    44 | D        | Found a corrupted altar of Lugonu.
    45 | D        | Found a blossoming altar of Fedhas.
    46 | D        | Found a snail-covered altar of Cheibriados.
    47 | D        | Found a shadowy altar of Dithmenos.
    48 | D        | Found a stormy altar of Qazlal.
    49 | D        | Found an opulent altar of Gozag.
    50 | D        | Found a sacrificial altar of Ru.
    60 | D        | Became a worshipper of Makhleb the Destroyer
   139 | D        | Noticed a big kobold
   139 | D        | Noticed an iguana
   139 | D        | Noticed a wraith
   139 | D        | Noticed a troll
   139 | D        | Noticed a phantom
   139 | D        | Noticed a phantom
   141 | D        | Killed a phantom
   141 | D        | Reached skill level 5 in Axes
   141 | D        | Reached XP level 5. HP: 41/51 MP: 14/14
   147 | D        | Killed a troll
   147 | D        | Acquired Makhleb's first power
   147 | D        | Reached XP level 6. HP: 40/66 MP: 17/17
   148 | D        | Killed a phantom
   148 | D        | Killed a wraith
   148 | D        | Reached skill level 10 in Axes
   148 | D        | Reached XP level 7. HP: 44/75 MP: 19/19
   150 | D        | Killed an iguana
   150 | D        | Acquired Makhleb's second power
   152 | D        | Killed a big kobold
   163 | D        | Noticed a centaur
   163 | D        | Noticed an ice beast
   163 | D        | Noticed a deep elf mage
   163 | D        | Noticed a steam dragon
   166 | D        | Acquired Makhleb's third power
   170 | D        | Killed a steam dragon
   172 | D        | Killed a deep elf mage
   172 | D        | Reached skill level 5 in Armour
   175 | D        | Killed an ice beast
   175 | D        | Acquired Makhleb's fourth power
   175 | D        | Reached skill level 10 in Fighting
   175 | D        | Reached XP level 8. HP: 72/86 MP: 21/21
   179 | D        | Killed a centaur
   298 | D        | Noticed a black mamba
   298 | D        | Noticed a porcupine
   298 | D        | Noticed a komodo dragon
   298 | D        | Noticed a giant frog
   298 | D        | Noticed a porcupine
   298 | D        | Noticed a water moccasin
   298 | D        | Noticed a crocodile
   301 | D        | Noticed a porcupine
   301 | D        | Killed a water moccasin
   301 | D        | Killed a porcupine
   302 | D        | Killed a crocodile
   302 | D        | Acquired Makhleb's fifth power
   303 | D        | Killed a giant frog
   305 | D        | Noticed a crocodile
   307 | D        | Killed a komodo dragon
   307 | D        | Reached skill level 13 in Evocations
   309 | D        | Killed a porcupine
   313 | D        | Killed a black mamba
   313 | D        | Reached skill level 15 in Evocations
   313 | D        | Gained mutation: You passively map the area around you. [level up]
   313 | D        | Reached XP level 9. HP: 94/97 MP: 23/25
   314 | D        | Killed a porcupine
   317 | D        | Killed a crocodile
   317 | D        | Reached skill level 16 in Evocations
   333 | D        | Noticed a spiny frog
   333 | D        | Noticed a spiny frog
   333 | D        | Noticed a porcupine
   333 | D        | Noticed a basilisk
   333 | D        | Noticed a giant frog
   333 | D        | Noticed a hound
   334 | D        | Killed a hound
   334 | D        | Reached skill level 1 in Invocations
   336 | D        | Noticed a spiny frog
   336 | D        | Killed a giant frog
   341 | D        | Noticed a black mamba
   341 | D        | Killed a basilisk
   342 | D        | Killed a porcupine
   353 | D        | Killed a spiny frog
   356 | D        | Killed a spiny frog
   357 | D        | Killed a spiny frog
   362 | D        | Killed a black mamba
   362 | D        | Reached XP level 10. HP: 73/104 MP: 27/27
   376 | D        | Noticed a brain worm
   376 | D        | Noticed a brain worm
   376 | D        | Noticed a brain worm
   376 | D        | Noticed a brain worm
   376 | D        | Noticed a brain worm
   376 | D        | Noticed a brain worm
   378 | D        | Killed a brain worm
   378 | D        | Killed a brain worm
   378 | D        | Killed a brain worm
   378 | D        | Killed a brain worm
   381 | D        | Killed a brain worm
   383 | D        | Killed a brain worm
   444 | D        | Noticed Urug
   459 | D        | Killed Urug
   487 | D        | Noticed Maurice
   636 | D        | Noticed an orc priest
   636 | D        | Noticed an orc wizard
   636 | D        | Noticed an orc wizard
   637 | D        | Killed an orc wizard
   637 | D        | Killed an orc wizard
   639 | D        | Noticed an orc warrior
   640 | D        | Noticed an orc warrior
   641 | D        | Noticed an orc warrior
   642 | D        | Noticed an orc priest
   643 | D        | Killed an orc priest
   644 | D        | Noticed an orc wizard
   644 | D        | Killed an orc warrior
   647 | D        | Killed an orc warrior
   650 | D        | Killed an orc warrior
   653 | D        | Killed an orc priest
   655 | D        | Killed an orc wizard
   687 | D        | Noticed an orc warrior
   687 | D        | Noticed an orc warrior
   687 | D        | Noticed an orc knight
   687 | D        | Noticed an orc warrior
   687 | D        | Noticed an orc warrior
   687 | D        | Noticed an orc warrior
   692 | D        | Killed an orc warrior
   697 | D        | Noticed an orc wizard
   699 | D        | an orc warrior (ally) was killed
   704 | D        | Killed an orc knight
   707 | D        | Killed an orc warrior
   708 | D        | Killed an orc warrior
   709 | D        | Noticed an orc knight
   711 | D        | Killed an orc warrior
   712 | D        | Noticed an orc knight
   715 | D        | Noticed an orc warrior
   715 | D        | Killed an orc wizard
   721 | D        | Killed an orc knight
   728 | D        | Killed an orc warrior
   729 | D        | Killed an orc knight
   729 | D        | Reached skill level 15 in Fighting
   761 | D        | Found Curoacs' Assorted Antiques.
   761 | D        | Noticed an ogre
   761 | D        | Noticed an ogre mage
   761 | D        | Noticed an ogre mage
   761 | D        | Noticed a two-headed ogre
   761 | D        | Noticed a two-headed ogre
   761 | D        | Noticed an ogre
   763 | D        | Killed an ogre
   764 | D        | Killed a two-headed ogre
   764 | D        | Killed a two-headed ogre
   764 | D        | Paralysed by an ogre mage for 5 turns
   766 | D        | Noticed a two-headed ogre
   768 | D        | Noticed an ogre
   771 | D        | Found Tryafour's Gadget Shop.
   772 | D        | Killed an ogre mage
   772 | D        | Reached XP level 11. HP: 77/124 MP: 27/27
   772 | D        | Killed an ogre mage
   774 | D        | Killed an ogre
   777 | D        | Killed a two-headed ogre
   781 | D        | Killed an ogre
   788 | D        | Found Mnaem's Magic Scroll Boutique.
   788 | D        | Noticed a two-headed ogre
   792 | D        | Noticed an ogre mage
   793 | D        | Killed a two-headed ogre
   795 | D        | Noticed an ogre
   795 | D        | Found Klakun's Antique Weapon Shop.
   795 | D        | Noticed an ogre mage
   798 | D        | Noticed an ogre
   799 | D        | Killed an ogre
   800 | D        | Killed an ogre mage
   800 | D        | Reached skill level 17 in Fighting
   804 | D        | Killed an ogre mage
   807 | D        | Killed an ogre
   833 | D        | Bought a scroll of magic mapping for 42 gold pieces
   840 | D        | Bought a scroll labeled FOHYOWAWKA for 26 gold pieces
   840 | D        | Bought a scroll labeled FOHYOWAWKA for 26 gold pieces
   860 | D        | Bought a fan of gales for 400 gold pieces
   860 | D        | Bought a wand of fire (5) for 180 gold pieces
   860 | D        | Bought a wand of confusion (26) for 210 gold pieces
   860 | D        | Bought a wand of paralysis (17) for 190 gold pieces
   860 | D        | Bought a phantom mirror for 300 gold pieces
   862 | D        | Bought a scroll of identify for 24 gold pieces
   862 | D        | Bought a scroll of remove curse for 36 gold pieces
   862 | D        | Bought a scroll of identify for 24 gold pieces
   862 | D        | Bought a scroll of identify for 24 gold pieces
   862 | D        | Bought a scroll of identify for 24 gold pieces
   927 | D        | Noticed Joseph
   935 | D        | Killed Joseph
   935 | D        | Reached skill level 18 in Fighting
  1049 | D        | Upgraded the game from 0.16-a0-3926-g4728e1c to 0.16-a0-3939-g9a3e665
  1051 | D        | Noticed a centaur warrior
  1051 | D        | Noticed a troll
  1051 | D        | Noticed a troll
  1051 | D        | Noticed a kobold demonologist
  1051 | D        | Noticed a troll
  1051 | D        | Noticed a wyvern
  1051 | D        | Noticed a crocodile
  1053 | D        | Killed a crocodile
  1054 | D        | Killed a wyvern
  1055 | D        | Noticed a wyvern
  1055 | D        | Killed a troll
  1056 | D        | Noticed a necromancer
  1056 | D        | Killed a kobold demonologist
  1058 | D        | Killed a troll
  1059 | D        | Noticed a stone giant
  1066 | D        | Killed a troll
  1067 | D        | Noticed a yaktaur
  1071 | D        | Noticed a deep elf knight
  1071 | D        | Killed a centaur warrior
  1074 | D        | Killed a wyvern
  1082 | D        | Killed a necromancer
  1082 | D        | Reached skill level 19 in Fighting
  1087 | D        | Killed a stone giant
  1098 | D        | Killed a yaktaur
  1104 | D        | Killed a deep elf knight
  1104 | D        | Reached skill level 20 in Fighting
  1104 | D        | Reached XP level 12. HP: 126/145 MP: 25/25
  1121 | D        | Noticed a stone giant
  1124 | D        | Noticed a yaktaur
  1125 | D        | Noticed a cyan very ugly thing
  1126 | D        | Killed a yaktaur
  1137 | D        | Killed a stone giant
  1141 | D        | Killed a cyan very ugly thing
  1254 | D        | Noticed an alligator
  1254 | D        | Noticed an insubstantial wisp
  1254 | D        | Noticed a spriggan rider
  1254 | D        | Noticed a bog body
  1254 | D        | Noticed a swamp dragon
  1254 | D        | Noticed a four-headed hydra
  1257 | D        | Killed a swamp dragon
  1257 | D        | Killed a bog body
  1257 | D        | Reached skill level 21 in Fighting
  1258 | D        | Killed a four-headed hydra
  1259 | D        | Noticed a giant leech
  1260 | D        | Noticed a five-headed hydra
  1260 | D        | Killed a spriggan
  1261 | D        | Killed a wasp
  1262 | D        | Killed an insubstantial wisp
  1268 | D        | Killed an alligator
  1269 | D        | Killed a five-headed hydra
  1272 | D        | Killed a giant leech
  1286 | D        | Noticed a merfolk
  1286 | D        | Noticed a merfolk impaler
  1286 | D        | Noticed a siren
  1286 | D        | Noticed a merfolk impaler
  1286 | D        | Noticed a water nymph
  1286 | D        | Noticed a merfolk
  1286 | D        | Noticed a merfolk
  1287 | D        | Noticed a sea snake
  1295 | D        | Killed a merfolk
  1296 | D        | Noticed a griffon
  1299 | D        | Killed a merfolk
  1302 | D        | Killed a water nymph
  1309 | D        | Killed a merfolk impaler
  1313 | D        | Killed a merfolk impaler
  1314 | D        | Killed a merfolk
  1315 | D        | Killed a siren
  1317 | D        | Killed a sea snake
  1321 | D        | Killed a griffon
  1334 | D        | Noticed a naga
  1334 | D        | Noticed a water moccasin
  1334 | D        | Noticed an anaconda
  1334 | D        | Noticed a black mamba
  1334 | D        | Noticed a salamander mystic
  1334 | D        | Noticed a mana viper
  1334 | D        | Noticed a naga
  1336 | D        | Killed a naga
  1337 | D        | Killed a mana viper
  1338 | D        | Noticed a black mamba
  1338 | D        | Killed a salamander mystic
  1339 | D        | Killed an anaconda
  1343 | D        | Noticed a black mamba
  1343 | D        | Killed a black mamba
  1344 | D        | Killed a water moccasin
  1346 | D        | Killed a naga
  1348 | D        | Killed a black mamba
  1348 | D        | Reached XP level 13. HP: 122/158 MP: 20/27
  1349 | D        | Killed a black mamba
  1362 | D        | Noticed a tarantella
  1362 | D        | Noticed a jumping spider
  1362 | D        | Noticed a redback
  1364 | D        | Noticed a tarantella
  1366 | D        | Noticed a trapdoor spider
  1366 | D        | Killed a redback
  1368 | D        | Noticed a hornet
  1368 | D        | Killed a jumping spider
  1372 | D        | Killed a tarantella
  1372 | D        | Reached skill level 22 in Evocations
  1373 | D        | Killed a tarantella
  1380 | D        | Killed a trapdoor spider
  1384 | D        | Killed a hornet
  1391 | D        | Noticed a trapdoor spider
  1394 | D        | Killed a trapdoor spider
  1396 | D        | Noticed a trapdoor spider
  1399 | D        | Killed a trapdoor spider
  1401 | D        | Noticed a trapdoor spider
  1402 | D        | Killed a trapdoor spider
  1562 | D        | Noticed a fire dragon
  1562 | D        | Noticed a death yak
  1562 | D        | Noticed an ettin
  1562 | D        | Noticed an ice dragon
  1562 | D        | Noticed a deep troll earth mage
  1562 | D        | Noticed a yaktaur
  1562 | D        | Noticed an ettin
  1566 | D        | Killed an ettin
  1566 | D        | Reached skill level 23 in Evocations
  1567 | D        | Noticed a yaktaur captain
  1570 | D        | Noticed a deep troll shaman
  1570 | D        | Killed a yaktaur
  1572 | D        | Killed a deep troll earth mage
  1574 | D        | Noticed a stone giant
  1577 | D        | Noticed a fire giant
  1582 | D        | Killed an ice dragon
  1584 | D        | Killed an ettin
  1584 | D        | Reached skill level 24 in Evocations
  1585 | D        | Killed a death yak
  1585 | D        | Killed a yaktaur captain
  1585 | D        | Reached skill level 25 in Evocations
  1585 | D        | Killed a deep troll shaman
  1588 | D        | Noticed a frost giant
  1589 | D        | Noticed a frost giant
  1590 | D        | Killed a fire dragon
  1593 | D        | Killed a stone giant
  1593 | D        | Reached skill level 26 in Evocations
  1593 | D        | Killed a fire giant
  1596 | D        | Killed a frost giant
  1596 | D        | Reached skill level 27 in Evocations
  1598 | D        | Killed a frost giant
  1604 | D        | Noticed a deep elf knight
  1605 | D        | Noticed an ogre mage
  1606 | D        | Noticed a centaur warrior
  1607 | D        | Noticed an ice dragon
  1607 | D        | Noticed an ice dragon
  1613 | D        | Killed a deep elf knight
  1618 | D        | Killed a centaur warrior
  1618 | D        | Killed an ogre mage
  1629 | D        | Killed an ice dragon
  1631 | D        | Killed an ice dragon
  1646 | D        | Noticed a vault sentinel
  1646 | D        | Noticed a rakshasa
  1646 | D        | Noticed an ironbrand convoker
  1646 | D        | Noticed a vault sentinel
  1646 | D        | Noticed a centaur warrior
  1646 | D        | Noticed a wolf spider
  1646 | D        | Noticed a griffon
  1649 | D        | Killed a griffon
  1651 | D        | Killed a wolf spider
  1652 | D        | Noticed a hornet
  1653 | D        | Noticed a griffon
  1654 | D        | Killed a centaur warrior
  1654 | D        | Reached skill level 15 in Axes
  1654 | D        | Killed an ironbrand convoker
  1655 | D        | Noticed a vault warden
  1656 | D        | Noticed a vault sentinel
  1657 | D        | Noticed a vault warden
  1657 | D        | Killed a vault sentinel
  1657 | D        | Killed a vault sentinel
  1658 | D        | Killed a rakshasa
  1658 | D        | Gained mutation: You resist negative energy. [level up]
  1658 | D        | Reached XP level 14. HP: 166/166 MP: 29/29
  1658 | D        | Killed a hornet
  1659 | D        | Noticed an ironheart preserver
  1663 | D        | Noticed a vault sentinel
  1663 | D        | Killed a griffon
  1666 | D        | Noticed an orc knight
  1666 | D        | Killed a vault warden
  1668 | D        | Noticed a freezing wraith
  1670 | D        | Noticed a freezing wraith
  1674 | D        | Killed an ironheart preserver
  1675 | D        | Noticed an ironbrand convoker
  1675 | D        | Killed a vault warden
  1679 | D        | Noticed a redback
  1679 | D        | Killed a vault sentinel
  1681 | D        | Noticed a vault sentinel
  1684 | D        | Killed a vault sentinel
  1687 | D        | Killed an orc knight
  1691 | D        | Killed a freezing wraith
  1692 | D        | Killed a freezing wraith
  1692 | D        | Killed a redback
  1693 | D        | Noticed a ynoxinul
  1693 | D        | Noticed an ettin
  1693 | D        | Noticed a lich
  1693 | D        | Noticed a greater mummy
  1693 | D        | Killed an ironbrand convoker
  1694 | D        | Killed a lich
  1696 | D        | Killed an ettin
  1697 | D        | Killed a ynoxinul
  1697 | D        | Killed a vault sentinel
  1702 | D        | Killed a greater mummy
  1752 | D        | Noticed Mennas
  1754 | D        | Noticed Xtahua
  1755 | D        | Noticed Louise
  1794 | D        | Killed Mennas
  1804 | D        | Killed Xtahua
  1807 | D        | Killed Louise
  2069 | D        | Noticed Mara
  2069 | D        | Noticed Nikola
  2071 | D        | Noticed BluebellGnoll's illusion
  2080 | D        | Killed Nikola
  2080 | D        | Reached skill level 10 in Armour
  2100 | D        | Killed BluebellGnoll's illusion
  2102 | D        | Noticed BluebellGnoll's illusion
  2128 | D        | Killed BluebellGnoll's illusion
  2132 | D        | Noticed BluebellGnoll's illusion
  2138 | D        | HP: 2/249 [Mara (illusionary)/demon whip of electrocution (12)]
  2146 | D        | Killed Mara
  2161 | D        | Noticed BluebellGnoll's illusion
  2191 | D        | Killed Mara
  2196 | D        | Noticed BluebellGnoll's illusion
  2214 | D        | Killed BluebellGnoll's illusion
  2216 | D        | Noticed BluebellGnoll's illusion
  2244 | D        | Killed BluebellGnoll's illusion
  2247 | D        | Noticed BluebellGnoll's illusion
  2279 | D        | Killed BluebellGnoll's illusion
  2285 | D        | Noticed BluebellGnoll's illusion
  2295 | D        | Killed from afar by Mara (illusionary)

Action                   |  1- 3 |  4- 6 |  7- 9 | 10-12 | 13-15 || total
-------------------------+-------+-------+-------+-------+-------++-------
Melee: Broad axe         |       |     8 |    54 |   184 |   298 ||   544
Throw: Javelin           |       |       |       |    15 |     9 ||    24
Invok: Minor Destruction |       |       |     1 |       |       ||     1
       Major Destruction |       |       |       |     4 |     5 ||     9
       Greater Servant o |       |       |       |       |     2 ||     2
 Abil: Device Recharging |       |       |       |     6 |     8 ||    14
Evoke: Wand              |    11 |     2 |     2 |    31 |    53 ||    99
       Phantom mirror    |       |       |       |       |     2 ||     2
       Fan of gales (ine |       |       |       |       |     1 ||     1
  Use: Potion            |     1 |       |       |       |    12 ||    13
       Scroll            |       |       |       |     2 |     2 ||     4
 Stab: Confused          |       |       |       |     3 |     1 ||     4
       Distracted        |       |       |       |       |     2 ||     2
  Eat: Chunk             |       |       |       |     3 |     4 ||     7
       Fruit             |       |       |       |       |     3 ||     3
